AoeStats
← THL

Arabia

510052885Analyzed
1v1 RM · 3d ago on Sep 29, 2026· 52m 39s· 2 players
Game mode
Random Map
Map size
Tiny (2 player)
Population
200
Speed
Normal
Resources
Standard
Victory
Conquest
Starting age
Dark Age
Ending age
Imperial Age
RankedLock teamsTeams togetherTeam positionsShared explorationLock speedFull tech treeHidden civsTurbo modeCheats
Victory
Defeat
🇻🇳 Tatars · Vietnam
1765
+15
🇦🇺 Britons · Australia
1740
-15
Ambrose
6:32 Loom
8:44 Feudal Age
11:27 Horse Collar
12:01 Double-Bit Axe
19:29 Castle Age
19:52 Fletching
19:31 Crossbowman
20:57 Bodkin Arrow
21:59 Ballistics
23:47 Padded Archer Armor
24:01 Gold Mining
26:28 Wheelbarrow
27:06 Bow Saw
27:15 Town Watch
34:18 Leather Archer Armor
34:21 Hand Cart
43:56 Imperial Age
44:31 Gold Shaft Mining
44:17 Murder Holes
45:10 Scale Barding Armor
45:19 Bracer
45:48 Scale Barding Armor
48:15 Two-Man Saw
47:54 Conscription
47:57 Chain Barding Armor
47:48 Forging
48:47 Pikeman
49:27 Squires
50:43 Chemistry
51:18 Warwolf
THL
6:41 Loom
9:27 Feudal Age
10:46 Double-Bit Axe
14:57 Fletching
21:07 Castle Age
20:20 Padded Archer Armor
21:11 Elite Skirmisher
21:47 Bodkin Arrow
22:03 Bow Saw
25:55 Ballistics
41:29 Leather Archer Armor
45:51 Imperial Age
43:57 Wheelbarrow
45:20 Scale Barding Armor
46:02 Bloodlines
45:13 Light Cavalry
45:54 Husbandry
46:39 Bracer
48:25 Chemistry
47:47 Chain Barding Armor
47:17 Hussar
49:14 Plate Barding Armor
49:33 Forging
49:27 Silk Armor
51:45 Conscription
52:18 Iron Casting
53:32 Hand Cart
Connection lost

Rejoining the realm…

Still unreachable

The connection could not be restored.

Session expired

The server has moved on; the page needs a fresh start.